 Dungeon Crawl Stone Soup version 0.21.1-1-g345015f (webtiles) character file.

73 inc the Chopper (level 4, -2/39 HPs)
             Began as a Hill Orc Monk on June 14, 2018.
             Was a Believer of Makhleb.
             Killed from afar by Sigmund (8 damage)
             ... with a magic dart
             ... on level 2 of the Dungeon.
             The game lasted 00:02:21 (1514 turns).

inc the Chopper (Hill Orc Monk)                     Turns: 1514, Time: 00:02:22

Health: -2/39      AC:  3    Str: 11 (14) XL:     4   Next: 27%
Magic:  4/4        EV: 17    Int:  7 (10) God:    Makhleb [**....]
Gold:   79         SH:  0    Dex: 17 (18) Spells: 3/3 levels left

rFire    . . .     SeeInvis +   a - +0 hand axe
rCold    . . .     Gourm    .   (no shield)
rNeg     . . .     Faith    .   g - +0 leather armour (curse)
rPois    .         Spirit   .   (no helmet)
rElec    .         Reflect  .   (no cloak)
rCorr    .         Harm     .   (no gloves)
MR       .....                  (no boots)
Stlth    +++.......             (no amulet)
HPRegen  0.13/turn              f - ring of see invisible
MPRegen  0.09/turn              (no ring)

@: agile
A: no striking features
a: Minor Destruction, Renounce Religion


You were on level 2 of the Dungeon.
You worshipped Makhleb.
Makhleb was pleased with you.
You were not hungry.

You visited 1 branch of the dungeon, and saw 2 of its levels.

You collected 79 gold pieces.

Inventory:

Hand Weapons
 a - a +0 hand axe (weapon)
Armour
 b - a +0 robe
 g - a cursed +0 leather armour (worn)
 h - a +0 plate armour
Jewellery
 f - a ring of see invisible (left hand)
Wands
 e - a wand of acid (7)
Scrolls
 j - a scroll of remove curse {unknown}
 l - a scroll of blinking {unknown}
Comestibles
 c - 5 rations
 m - 2 chunks of flesh


   Skills:
 - Level 3.6 Fighting
 - Level 6.4 Axes
 - Level 2.4 Dodging
 - Level 1.5 Stealth
 + Level 1.0 Invocations


You had 3 spell levels left.
You didn't know any spells.

Dungeon Overview and Level Annotations

Branches:
Dungeon (2/15)

Altars:
Elyvilon
Hepliaklqana
Makhleb

Annotations:
D:2 Sigmund


Message History

You feel weakened.
You feel dopey.
You feel clumsy.
Sigmund points at you and mumbles some strange words.
The puff of flame misses you.
You're too confused!
You're too confused!
You're too confused!
You're too confused to move!
Sigmund completely misses you.
You hit the plant but do no damage. You hit Sigmund. You miss Sigmund.
Sigmund is lightly wounded.
You barely miss the plant. Sigmund misses you.
You barely miss Sigmund.
Sigmund is lightly wounded.
You hit the plant but do no damage. Sigmund misses you.
You bump into the rock wall.
Sigmund zaps a wand.
The puff of flame hits you!
* * * LOW HITPOINT WARNING * * *
You feel less confused. Sigmund gestures at you while chanting.
The magic dart hits you!
You die...

.................###
###########.####...#
#.#....#.#
##..♣P♣...#
#..P♣♣..P.#
#.PP♣♣♣P.##
#######..♣♣ ♣P.#
#.......@♣.♣♣♣.#
#.#####@..♣ P##
#.>.......).... ♣
#.#####.###.... ♣
#.# #.### ♣ ## #.#
#.# # ♣#♣#♣.♣ ... #
.##♣♣♣ #.....# #..
....# # ♣.....♣ #..
#..# # #.....##...
♣. #..####


You could see Sigmund.

Vanquished Creatures
  A hound (D:2)
  A worm (D:2)
  3 giant cockroaches
  5 goblins
  6 hobgoblins
  12 kobolds
  A ball python (D:2)
  4 bats
  A frilled lizard (D:1)
  3 rats
37 creatures vanquished.

Notes
Turn   | Place    | Note
-------+----------+-------------------------------------------
     0 | D:1      | inc the Hill Orc Monk began the quest for the Orb.
     0 | D:1      | Reached XP level 1. HP: 19/19 MP: 1/1
   356 | D:1      | Reached XP level 2. HP: 23/26 MP: 2/2
   467 | D:1      | Reached skill level 5 in Axes
   923 | D:1      | Reached XP level 3. HP: 31/31 MP: 3/3
  1054 | D:2      | Found a hazy altar of Hepliaklqana.
  1054 | D:2      | Noticed Sigmund
  1065 | D:2      | Found a burning altar of Makhleb.
  1076 | D:2      | Reached skill level 6 in Axes
  1076 | D:2      | Reached XP level 4. HP: 22/39 MP: 4/4
  1082 | D:2      | Became a worshipper of Makhleb the Destroyer
  1082 | D:2      | Reached * piety under Makhleb
  1082 | D:2      | Reached ** piety under Makhleb
  1161 | D:2      | Found a white marble altar of Elyvilon.
  1446 | D:2      | Reached skill level 1 in Invocations
  1514 | D:2      | Killed from afar by Sigmund

Skill      XL: |  1  2  3  4 |
---------------+-------------+-----
Axes           | 5 6 |  6.4
Invocations    | 1 |  1.0
Fighting       | |  3.6
Dodging        | |  2.4
Stealth        | |  1.5

Action                   |  1- 3 |  4- 6 || total
-------------------------+-------+-------++-------
Melee: Hand axe          |    74 |    37 ||   111
Invok: Minor Destruction |       |     3 ||     3
  Use: Scroll            |     1 |       ||     1
       Potion            |       |     3 ||     3
 Stab: Sleeping          |     4 |       ||     4
  Eat: Chunk             |       |     2 ||     2
Armor: Robe              |     5 |       ||     5
       Leather armour    |     6 |     8 ||    14
Dodge: Dodged            |    42 |    29 ||    71
